 Dungeon Crawl Stone Soup version 0.30-a0-630-g881e3bac89 (webtiles) character file.

Game seed: 11349838427958041122

70 BaabKaare the Ruffian (level 4, -5/35 HPs)
             Began as a Draconian Transmuter on Jan 13, 2023.
             Slain by a gnoll
             ... wielding a +0 flail
              (6 damage)
             ... on level 3 of the Dungeon.
             The game lasted 00:06:20 (2630 turns).

BaabKaare the Ruffian (Draconian Transmuter)        Turns: 2630, Time: 00:06:21

Health: -5/35      AC:  5    Str: 14    XL:     4   Next: 4%
Magic:  2/7        EV: 12    Int: 14    God:
Gold:   143        SH:  0    Dex: 11    Spells: 4/7 levels left

rFire   . . .      SeeInvis .      - Unarmed
rCold   . . .      Faith    .    (no shield)
rNeg    . . .      Spirit   .    (body armour unavailable)
rPois   .          Reflect  .    (helmet currently unavailable)
rElec   .          Harm     .    n - scarf {+Inv}
rCorr   .          Rampage  .    (no gloves)
Will    .....                    (boots currently unavailable)
Stlth   +                        (no amulet)
HPRegen 0.25/turn                (no ring)
MPRegen 0.10/turn                (no ring)

@: appendages, wereblooded
A: horns 2, talons 2, AC +5, unfitting armour, cold-blooded
a: End Transformation, Evoke Invisibility


You were on level 3 of the Dungeon.
You had temporarily grown beastly horns and talons.
You visited 1 branch of the dungeon, and saw 3 of its levels.

You collected 143 gold pieces.

Inventory:

Armour
 n - a scarf of invisibility (worn)
Jewellery
 o - a ring of magical power
Scrolls
 c - 2 scrolls of teleportation {unknown}
 f - 2 scrolls of magic mapping {unknown}
 g - 4 scrolls of identify {unknown}
 l - a scroll of brand weapon {unknown}
 p - a scroll of blinking {unknown}
 q - a scroll of enchant weapon {unknown}
 r - a scroll of noise {unknown}
Potions
 a - a potion of lignification
 b - a potion of heal wounds {unknown}
 d - 2 potions of curing {unknown}
 e - 2 potions of flight {unknown}
 h - 2 potions of haste {unknown}
 i - 2 potions of degeneration {unknown}
 j - a potion of mutation {unknown}
 k - a potion of attraction {unknown}
 m - a potion of magic {unknown}


   Skills:
 + Level 1.3 Fighting
 + Level 2.0 Dodging
 + Level 0.5 Stealth
 + Level 3.9 Unarmed Combat
 + Level 2.4 Spellcasting
 + Level 2.5 Transmutations


You had 4 spell levels left.
You knew the following spells:

 Your Spells              Type           Power      Damage    Failure   Level
a - Beastly Appendage     Tmut           16%        N/A       8%          1
b - Wereblood             Tmut           8%         N/A       12%         2

Your spell library contained the following spells:

 Spells                   Type           Power      Damage    Failure   Level
 Kiss of Death            Conj/Necr      4%         2d5       22%         1
 Necrotise                Necr           4%         1d4       22%         1
 Spider Form              Tmut/Pois      5%         N/A       38%         3
 Confusing Touch          Hex            1%         N/A       56%         3
 Hailstorm                Conj/Ice       1%         3d3       56%         3
 Vampiric Draining        Necr           1%         2d6       56%         3
 Vhi's Electric Charge    Tloc/Air       2%         N/A       56%         3
 Ice Form                 Ice/Tmut       5%         N/A       80%         4
 Dispel Undead            Necr           1%         3d6       92%         4
 Summon Lightning Spire   Summ/Air       1%         N/A       92%         4
 Agony                    Necr           1%         N/A       99%         5
 Arcjolt                  Conj/Air       0%         1d10      99%         5


Dungeon Overview and Level Annotations

Branches:
Dungeon (3/15)

Altars:


Innate Abilities, Weirdness & Mutations

You have temporarily grown beastly horns and talons.
Your plain brown scales are hard. (AC +5)
You cannot fit into any form of body armour.
You are cold-blooded and may be slowed by cold attacks.


Message History

The gnoll is heavily wounded.
A gnoll comes into view. It is wielding a +0 flail.
The gnoll barely misses you. The gnoll attacks as you move away!
The gnoll closely misses you. The orc attacks as you move away!
The orc hits you with a +0 mace.
Your magical contamination has completely faded away.
Casting: Beastly Appendage (safe; 9% risk of failure)
Confirm with . or Enter, or press ? or * to list all spells.
Your blood is infused with primal strength.
The gnoll shouts!
The orc closely misses you. The gnoll barely misses you.
You closely miss the orc. You claw the orc, but do no damage.
Your headbutt misses the orc. The orc hits you with a +0 mace.
The gnoll misses you. The orc attacks as you move away!
The orc hits you with a +0 mace.
You hit the orc. You headbutt the orc.
You feel a bit better.
You kill the orc!
You punch the gnoll!
You feel a bit better.
You kill the gnoll!
You have reached level 4!
You feel clever.
Your horns disappear.
Your talons disappear.
The gnoll hits you but does no damage.
You closely miss the gnoll. The gnoll barely misses you.
The gnoll hits you with a +0 club!
Casting: Wereblood (safe; 12% risk of failure)
Confirm with . or Enter, or press ? or * to list all spells.
You grow a pair of large bovine horns.
Your feet morph into talons.
The gnoll closely misses you.
You hit the gnoll. You claw the gnoll.
The gnoll is heavily wounded.
The gnoll hits you from afar with a +0 halberd!
The gnoll hits you with a +0 club.
* * * LOW HITPOINT WARNING * * *
You barely miss the gnoll. Your kick misses the gnoll. You tail-slap the gnoll.
The gnoll is almost dead.
The gnoll hits you from afar with a +0 halberd!
* * * LOW HITPOINT WARNING * * *
The gnoll hits you with a +0 flail.
You die...

#.# ##. #.# #... ###
#.# .... ..# #.# ...
#.# #.# #.###♣#♣#♣#.#
##.#
#.##........######...
#.ggg♣.♣.♣..........#
#..#@..............##
#g.##♣#♣#♣#########..
#..# .# #..# .# ..g..
.. #...### .# #..##
.# #..# .. #.(.


You could see 3 gnolls.

Vanquished Creatures
  A gnoll (D:3)
  2 adders
  A worm (D:2)
  A dart slug (D:2)
  An orc (D:3)
  2 endoplasms (D:1)
  6 goblins
  5 hobgoblins
  6 kobolds
  2 quokkas
  2 ball pythons
  A bat (D:1)
  2 frilled lizards (D:2)
  4 rats
36 creatures vanquished.

Vanquished Creatures (others)
  2 plants (D:3)
2 creatures vanquished.

Grand Total: 38 creatures vanquished

Notes
Turn   | Place    | Note
-------+----------+-------------------------------------------
     0 | D:1      | BaabKaare the Draconian Transmuter began the quest for the
                  | Orb.
     0 | D:1      | Reached XP level 1. HP: 16/16 MP: 3/3
   216 | D:1      | Reached XP level 2. HP: 23/23 MP: 3/5
   219 | D:1      | Learned a level 2 spell: Wereblood
   274 | D:2      | Got the Exposition on Snow-white Ozone
  1134 | D:3      | Reached XP level 3. HP: 6/28 MP: 4/6
  1961 | D:2      | Found a faded altar of an unknown god.
  2626 | D:3      | Reached XP level 4. HP: 30/35 MP: 3/7
  2630 | D:3      | HP: 1/35 [gnoll/+0 halberd (7)]
  2630 | D:3      | Slain by a gnoll

Illustrated notes

Levels and vault maps discovered:
D:1:      mrwooster_arrival_arrow, layout_basic
D:2:      minmay_alternating_diamond, layout_basic,
          shapermc_ecumenical_altar_totnotflames, roderic_roman_lattice,
          minivault_14
D:3:      layout_loops_ring, overflow_temple_1_default, serial_forest,
          infiniplex_forest_zigzag_1, infiniplex_forest_clump_tiny,
          infiniplex_forest_lined_corner, infiniplex_forest_clump_tiny,
          infiniplex_forest_lined_room_, infiniplex_forest_clump_long

Skill      XL: |  1  2 |
---------------+-------+-----
Dodging        | 2 |  2.0
Fighting       | |  1.3
Stealth        | |  0.5
Unarmed Combat | |  3.9
Spellcasting   | |  2.4
Transmutations | |  2.5

Action                   |  1- 3 |  4- 6 || total
-------------------------+-------+-------++-------
Melee: Unarmed           |    87 |     3 ||    90
       Kick              |    14 |     1 ||    15
       Punch             |     2 |       ||     2
       Headbutt          |    11 |       ||    11
       Tailslap          |     6 |     1 ||     7
 Cast: Beastly Appendage |    26 |     1 ||    27
       Wereblood         |     3 |       ||     3
Armor: Skin              |    21 |     1 ||    22
Dodge: Dodged            |    54 |     2 ||    56

Table legend: (Time is in decaauts)
 A = Elapsed time spent in this place.
 B = Non-inter-level travel time spent in this place.
 C = Inter-level travel time spent in this place.
 D = Time resting spent in this place.
 E = Time spent auto-exploring this place.
 F = Levels seen in this place.
 G = Mean time per level.
                   A        B        C        D        E       F      G
               +--------+--------+--------+--------+--------+-----+--------+
         Total |   2629 |   2571 |     58 |    912 |   1002 |   3 |  876.3 |
       Dungeon |   2629 |   2571 |     58 |    912 |   1002 |   3 |  876.3 |
               +--------+--------+--------+--------+--------+-----+--------+

Top non-repeatable levels by time:
     D:2: 1459 daAuts
     D:1: 940 daAuts
     D:3: 230 daAuts
